[Event "January 9 Late 2024"]
[Site "https://www.chess.com"]
[Date "2024.01.09"]
[Round "4"]
[White "Filipovic, Slobodan J"]
[Black "Asish Panda"]
[Result "0-1"]
[Board "147"]
[TimeControl "180+1"]
[WhiteFideId "939633"]
[BlackFideId "45012458"]
[WhiteElo "2349"]
[BlackElo "2564"]
[WhiteTeam "SRB"]
[BlackTeam "IND"]
[WhiteClock "0:00:00"]
[BlackClock "0:00:35"]

1. c4 e6 2. Nf3 d5 3. b3 Nf6 4. Bb2 Be7 5. g3 O-O 6. Bg2 c5 7. cxd5 Nxd5 8. d4 Bf6 9. e4 Nb4 10. e5 Be7 11. a3 Nd5 12. O-O Nc6 13. Re1 Bd7 14. dxc5 Bxc5 15. b4 Bb6 16. Nc3 Nce7 17. Ne4 Bc6 18. Nd6 a6 19. Nd4 Bc7 20. Nxc6 bxc6 21. Nc4 a5 22. Qb3 axb4 23. axb4 Rb8 24. Ba3 Ng6 25. h4 Qd7 26. h5 Nge7 27. h6 g6 28. Rab1 c5 29. b5 Nb4 30. Qf3 Qxb5 31. Qf6 Nf5 32. Ne3 Bd8 33. Nxf5 Bxf6 34. Nd6 Qd3 35. Bxb4 cxb4 36. Rbd1 Qa3 37. exf6 b3 38. Nc4 Qb4 39. Ne5 b2 40. Nc6 Qc3 41. Nxb8 Rxb8 42. Rb1 Qxe1+ 43. Rxe1 b1=Q 44. Rxb1 Rxb1+ 45. Kh2 Rb5 46. g4 Kf8 47. Kg3 Rb3+ 48. Kf4 Ke8 49. g5 Kd7 50. Be4 Kd6 51. f3 Rb4 52. Kg4 Ke5 53. Kg3 Rxe4 54. fxe4 Kxe4 55. Kg4 Kd4 56. Kf4 e5+ 57. Kf3 Kd3 58. Kf2 e4 59. Ke1 Ke3 60. Kf1 Kd2 61. Kf2 e3+ 62. Kf3 e2 63. Ke4 e1=Q+ 64. Kd5 Qg3 65. Kc5 Qxg5+ 66. Kd6 Qxf6+ 67. Kd7 Qe6+ 68. Kd8 f5 69. Kc7 f4 0-1

[Event "January 9 Late 2024"]
[Site "https://www.chess.com"]
[Date "2024.01.09"]
[Round "4"]
[White "Potapova, Margarita"]
[Black "Mesa Cruz, Juan Carlos"]
[Result "1-0"]
[Board "148"]
[TimeControl "180+1"]
[WhiteFideId "14126869"]
[BlackFideId "6423400"]
[WhiteElo "2546"]
[BlackElo "2346"]
[WhiteTeam "RUS"]
[BlackTeam "DOM"]
[WhiteClock "0:00:57"]
[BlackClock "0:00:02"]

1. d4 Nf6 2. c4 e6 3. g3 d5 4. Nf3 Be7 5. Bg2 O-O 6. O-O dxc4 7. Ne5 Nc6 8. Bxc6 bxc6 9. Nxc6 Qe8 10. Nxe7+ Qxe7 11. Nc3 Rb8 12. Qa4 e5 13. dxe5 Qxe5 14. Bf4 Qh5 15. f3 Rxb2 16. Rab1 Rxb1 17. Rxb1 Be6 18. Qxa7 c6 19. Rb8 g5 20. Be5 Qg6 21. Qa8 Nd7 22. Rxf8+ Nxf8 23. Ne4 f5 24. Nf6+ Kf7 25. Qb7+ Bd7 26. Nxd7 Qe6 27. Nxf8+ Kxf8 28. Qg7+ Ke8 29. a4 Qd5 30. Qh8+ Kd7 31. Qg7+ Kc8 32. Qc7# 1-0

[Event "January 9 Late 2024"]
[Site "https://www.chess.com"]
[Date "2024.01.09"]
[Round "4"]
[White "Korol, Dimitry"]
[Black "Przybylski, Wojciech"]
[Result "0-1"]
[Board "149"]
[TimeControl "180+1"]
[WhiteFideId "14108003"]
[BlackFideId "1117599"]
[WhiteElo "2343"]
[BlackElo "2546"]
[WhiteTeam "UKR"]
[BlackTeam "POL"]
[WhiteClock "0:00:00"]
[BlackClock "0:00:10"]

1. d4 d5 2. c4 e6 3. Nc3 Nf6 4. cxd5 exd5 5. Bg5 Be7 6. e3 O-O 7. Bd3 c6 8. Qc2 Nbd7 9. Nge2 Re8 10. f3 Nf8 11. O-O Bd7 12. Rad1 b5 13. h3 Qb6 14. e4 dxe4 15. fxe4 Ng6 16. Kh1 b4 17. Na4 Qa5 18. Bxf6 Bxf6 19. Nc5 Bc8 20. e5 Be7 21. Bc4 Rf8 22. Ne4 Be6 23. Bxe6 fxe6 24. Qxc6 Qd5 25. Qxd5 exd5 26. N4g3 Bg5 27. Kh2 Ne7 28. Rxf8+ Rxf8 29. Rf1 Rc8 30. Nf5 Rc2 31. Nxe7+ Bxe7 32. Nf4 Bf8 33. Nxd5 Rxb2 34. e6 Re2 35. e7 Bxe7 36. Nxe7+ Rxe7 37. Rf5 Rd7 38. Ra5 Kf7 0-1

[Event "January 9 Late 2024"]
[Site "https://www.chess.com"]
[Date "2024.01.09"]
[Round "4"]
[White "Laskakis, Konstantinos"]
[Black "De Boer, Eelke"]
[Result "1-0"]
[Board "150"]
[TimeControl "180+1"]
[WhiteFideId "42134374"]
[BlackFideId "1048120"]
[WhiteElo "2338"]
[BlackElo "2543"]
[WhiteTeam "GRE"]
[BlackTeam "NED"]
[WhiteClock "0:01:16"]
[BlackClock "0:00:27"]

1. d4 Nf6 2. c4 e6 3. Nc3 Bb4 4. Qc2 O-O 5. e4 d5 6. e5 Ne4 7. Bd3 c5 8. Nf3 cxd4 9. Nxd4 Nd7 10. Bf4 Qh4 11. g3 Qh5 12. O-O g5 13. cxd5 Bxc3 14. bxc3 exd5 15. Be3 Nxe5 16. f3 Nc5 17. Bf5 Ne6 18. Rae1 Nxd4 19. Bxd4 Nc6 20. f4 gxf4 21. Rxf4 Nxd4 22. cxd4 Bxf5 23. Rxf5 Qg4 24. Rf4 Qg6 25. Qd1 Kh8 26. Re5 Rad8 27. Rg4 Qd6 28. Qd3 f6 29. Qxh7+ 1-0

[Event "January 9 Late 2024"]
[Site "https://www.chess.com"]
[Date "2024.01.09"]
[Round "4"]
[White "Melamed, Daniel"]
[Black "Ferreira, Vitor Hugo Vieira"]
[Result "0-1"]
[Board "151"]
[TimeControl "180+1"]
[WhiteFideId "3229076"]
[BlackFideId "2119765"]
[WhiteElo "2338"]
[BlackElo "2541"]
[WhiteTeam "AUS"]
[BlackTeam "BRA"]
[WhiteClock "0:00:22"]
[BlackClock "0:00:07"]

1. d4 d5 2. Nf3 Nf6 3. Bf4 c5 4. e3 Nc6 5. c3 Qb6 6. Qc2 Bf5 7. dxc5 Bxc2 8. cxb6 axb6 9. Na3 e5 10. Nxc2 exf4 11. exf4 Bc5 12. Bb5 O-O 13. O-O Ne4 14. Nfd4 Rac8 15. Bd3 Nf6 16. Rfe1 Rfd8 17. Rad1 g6 18. f5 g5 19. h3 Kg7 20. g4 h5 21. f3 Bd6 22. Kg2 Ne5 23. Nb5 Bb8 24. Ne3 Rh8 25. Rh1 Rh7 26. Be2 Ned7 27. Nxd5 Nxd5 28. Rxd5 Nf6 29. Rd2 Rch8 30. Nd6 hxg4 31. fxg4 Rd8 32. Rhd1 Rdh8 33. Rd3 Bxd6 34. Rxd6 Rxh3 35. Kf2 Ne4+ 36. Kg2 Rg3+ 37. Kf1 Rh1# 0-1

[Event "January 9 Late 2024"]
[Site "https://www.chess.com"]
[Date "2024.01.09"]
[Round "4"]
[White "Gasparyan, David"]
[Black "Kekic, Armin"]
[Result "1-0"]
[Board "152"]
[TimeControl "180+1"]
[WhiteFideId "13311980"]
[BlackFideId "14401274"]
[WhiteElo "2538"]
[BlackElo "2338"]
[WhiteTeam "USA"]
[BlackTeam "BIH"]
[WhiteClock "0:00:19"]
[BlackClock "0:00:23"]

1. d4 d6 2. e4 e5 3. Nc3 Nc6 4. dxe5 dxe5 5. Be3 Be6 6. a3 a6 7. Nge2 Nf6 8. f3 Nd7 9. Ng3 Bc5 10. Qc1 Qe7 11. b4 Bxe3 12. Qxe3 Nd4 13. Bd3 c5 14. Nf5 Qf8 15. Nd5 Bxd5 16. exd5 g6 17. Nxd4 cxd4 18. Qe2 Qd6 19. f4 O-O 20. O-O Rac8 21. fxe5 Qxe5 22. Qg4 Nf6 23. Qh4 Nxd5 24. Rae1 Ne3 25. Rf4 Rcd8 26. Re4 Qc7 27. Re7 Qc3 28. Rxb7 Nxc2 29. Rd1 Ne3 30. Rxf7 Nxd1 31. Qxh7# 1-0

[Event "January 9 Late 2024"]
[Site "https://www.chess.com"]
[Date "2024.01.10"]
[Round "4"]
[White "Jazdanovs, Aleksandrs"]
[Black "Aggelis, Nikolaos"]
[Result "1-0"]
[Board "153"]
[TimeControl "180+1"]
[WhiteFideId "11604492"]
[BlackFideId "4213220"]
[WhiteElo "2320"]
[BlackElo "2538"]
[WhiteTeam "LAT"]
[BlackTeam "GRE"]
[WhiteClock "0:00:24"]
[BlackClock "0:00:04"]

1. e4 c6 2. Nf3 d5 3. d3 dxe4 4. dxe4 Qxd1+ 5. Kxd1 Bg4 6. Nd2 f6 7. h3 Bxf3+ 8. Nxf3 e5 9. a4 Nd7 10. Be3 Bc5 11. Ke2 Bxe3 12. Kxe3 Ne7 13. Bc4 O-O-O 14. a5 Kc7 15. Rhd1 Ng6 16. g3 h5 17. h4 Ne7 18. b4 Nb8 19. Nd2 Rd4 20. c3 Rd7 21. Nb3 Rxd1 22. Rxd1 b6 23. Be6 g5 24. Rh1 Nd7 25. Bf7 g4 26. axb6+ axb6 27. Ra1 Kb7 28. Nd2 Rh7 29. Be6 Nf8 30. Bf5 Rh8 31. Nc4 Nfg6 32. Rd1 Nf8 33. Nd6+ Kc7 34. Ne8+ Kb7 35. Nxf6 Nxf5+ 36. exf5 Ka6 37. c4 c5 38. Ra1+ Kb7 39. bxc5 bxc5 40. Ke4 Kc6 41. Ra6+ Kb7 42. Ra5 Kb6 43. Ra8 Kc6 44. Nh7 Rxh7 45. Rxf8 Rd7 46. f6 Rd4+ 47. Kxe5 Rxc4 48. f7 Kd7 49. Rd8+ Kxd8 50. f8=Q+ Kd7 51. Qf7+ 1-0

[Event "January 9 Late 2024"]
[Site "https://www.chess.com"]
[Date "2024.01.09"]
[Round "4"]
[White "Smiech, Sara"]
[Black "Antonio, Jorge Carlos"]
[Result "1-0"]
[Board "154"]
[TimeControl "180+1"]
[WhiteFideId "91102863"]
[BlackFideId "113190"]
[WhiteElo "2536"]
[BlackElo "2317"]
[WhiteTeam "POL"]
[BlackTeam "ARG"]
[WhiteClock "0:02:06"]
[BlackClock "0:01:06"]

1. e4 c6 2. d4 d5 3. f3 dxe4 4. fxe4 Nf6 5. Nc3 Bg4 6. Be2 Bxe2 7. Ngxe2 e6 8. O-O Be7 9. Ng3 O-O 10. Bg5 h6 11. Bxf6 Bxf6 12. e5 Be7 13. Nce4 Nd7 14. Qg4 Kh7 15. Nh5 g6 16. Nhf6+ Bxf6 17. Nxf6+ Nxf6 18. Rxf6 Qd7 19. Raf1 Kg7 20. h4 Rad8 21. c3 c5 22. h5 g5 23. Rxh6 Kxh6 24. Rf6+ Kh7 25. Qxg5 1-0

[Event "January 9 Late 2024"]
[Site "https://www.chess.com"]
[Date "2024.01.09"]
[Round "4"]
[White "Baltag, Iulian"]
[Black "Diaz, Fernando"]
[Result "1-0"]
[Board "155"]
[TimeControl "180+1"]
[WhiteFideId "13901419"]
[BlackFideId "3701255"]
[WhiteElo "2536"]
[BlackElo "2313"]
[WhiteTeam "MDA"]
[BlackTeam "PAR"]
[WhiteClock "0:00:35"]
[BlackClock "0:00:10"]

1. e4 e6 2. Qe2 d5 3. exd5 Qxd5 4. Nc3 Qd8 5. Nf3 Nc6 6. g3 Nf6 7. Bg2 Be7 8. O-O O-O 9. Rd1 Nd4 10. Nxd4 Qxd4 11. Nb5 Qb6 12. d4 Bd7 13. a4 a6 14. Nc3 Bc6 15. a5 Qa7 16. Bf4 Bxg2 17. Kxg2 c6 18. Na4 Rad8 19. c4 Bd6 20. Be3 Qb8 21. Nc3 Rd7 22. Qf3 Rfd8 23. h3 Be7 24. g4 Ne8 25. Ne4 Nf6 26. Nc3 Ne8 27. d5 cxd5 28. cxd5 exd5 29. Nxd5 Bf8 30. Bg5 f6 31. Bf4 Bd6 32. Nb6 Re7 33. Qd5+ Kh8 34. Rac1 Bxf4 35. Qxd8 Qxd8 36. Rxd8 Bxc1 37. Nc8 Re1 38. Nd6 Kg8 39. Nxe8 Kf7 40. Nd6+ Ke7 41. Re8+ Kxd6 42. Rxe1 Bxb2 43. Rb1 Bc3 44. Rxb7 Bxa5 45. Ra7 h6 46. Rxa6+ 1-0

[Event "January 9 Late 2024"]
[Site "https://www.chess.com"]
[Date "2024.01.10"]
[Round "4"]
[White "Bruedigam, Martin"]
[Black "Graham, Nathaniel"]
[Result "1-0"]
[Board "156"]
[TimeControl "180+1"]
[WhiteFideId "24608033"]
[BlackFideId "2007983"]
[WhiteElo "2536"]
[BlackElo "2312"]
[WhiteTeam "GER"]
[BlackTeam "USA"]
[WhiteClock "0:00:14"]
[BlackClock "0:00:00"]

1. e4 c5 2. Nf3 e6 3. d4 cxd4 4. Nxd4 a6 5. Nc3 Qc7 6. Be3 Bb4 7. Qd3 Nf6 8. Be2 Nxe4 9. O-O Nxc3 10. bxc3 Qxc3 11. Qe4 d5 12. Qg4 O-O 13. Bh6 g6 14. Bxf8 Bxf8 15. Rab1 e5 16. Qg5 Qxd4 17. Rfd1 Qf4 18. Qxf4 exf4 19. Bf3 Nc6 20. Bxd5 Nb4 21. Bb3 Bf5 22. Rd4 f3 23. g4 Nxc2 24. Rf4 Na3 25. Bxf7+ Kxf7 26. Rxb7+ Ke6 27. gxf5+ gxf5 28. Rxf3 Bd6 29. Rxh7 Rg8+ 30. Kf1 Nc4 31. Ke2 Ne5 32. Rg3 Rb8 33. Kf1 Rb1+ 34. Kg2 f4 35. Rb3 f3+ 36. Kh3 Rf1 37. Rb6 Kd5 38. Rh6 Bc5 39. Rxa6 Rxf2 40. Rh5 Bd4 41. Ra5+ Ke4 42. Ra4 Rf1 43. Rh4+ Ke3 44. Raxd4 f2 45. Rdf4 1-0

[Event "January 9 Late 2024"]
[Site "https://www.chess.com"]
[Date "2024.01.09"]
[Round "4"]
[White "Tan, Ralph"]
[Black "Ardila, Oscar Humberto"]
[Result "0-1"]
[Board "157"]
[TimeControl "180+1"]
[WhiteFideId "30966590"]
[BlackFideId "4404742"]
[WhiteElo "2535"]
[BlackElo "2308"]
[WhiteTeam "USA"]
[BlackTeam "COL"]
[WhiteClock "0:00:14"]
[BlackClock "0:00:15"]

1. e4 e5 2. Nf3 Nf6 3. Nc3 Nc6 4. Bb5 Bb4 5. O-O O-O 6. d3 d6 7. h3 Qe7 8. Nd5 Nxd5 9. exd5 Nb8 10. c3 Ba5 11. a4 a6 12. Bc4 Bf5 13. Re1 Nd7 14. Bg5 f6 15. Bh4 Qf7 16. Bg3 g5 17. d4 h6 18. dxe5 Nxe5 19. Nxe5 fxe5 20. Bxe5 dxe5 21. d6 Qxc4 22. Rxe5 Bg6 23. Rxa5 cxd6 24. Qxd6 Qf7 25. Kh1 Rad8 26. Qb6 Kg7 27. Re1 Rde8 28. Rd1 Re6 29. Qd4+ Qf6 30. Qg4 h5 31. Qc4 Rfe8 32. Qf1 Re2 33. Rad5 Qxf2 34. Qxf2 Rxf2 35. Rxg5 Ree2 36. Rd6 Rf6 37. Rd7+ Kh6 38. Rg3 Rxb2 39. Kh2 h4 40. Rg4 Bf5 41. Rxh4+ Kg5 42. Rh8 Bxd7 43. Rg8+ Kh6 44. Kg3 Bc6 45. Kh4 Rxg2 46. Rh8+ Kg7 0-1

[Event "January 9 Late 2024"]
[Site "https://www.chess.com"]
[Date "2024.01.09"]
[Round "4"]
[White "Kopczynski, Michal"]
[Black "Szente Varga, Fruzsina"]
[Result "1-0"]
[Board "158"]
[TimeControl "180+1"]
[WhiteFideId "1124200"]
[BlackFideId "712264"]
[WhiteElo "2531"]
[BlackElo "2304"]
[WhiteTeam "POL"]
[BlackTeam "HUN"]
[WhiteClock "0:01:40"]
[BlackClock "0:00:25"]

1. e4 Nf6 2. Nc3 d5 3. e5 Nfd7 4. d4 e6 5. f4 c5 6. dxc5 Bxc5 7. Nf3 O-O 8. Bd3 f6 9. Qe2 fxe5 10. fxe5 Nc6 11. Ng5 h6 12. Nxe6 Qh4+ 13. g3 Qe7 14. Nxf8 Nxf8 15. Nxd5 Qxe5 16. Qxe5 Nxe5 17. Bf4 Nf3+ 18. Kd1 Bg4 19. h3 Bh5 20. g4 Bf7 21. Nc3 Re8 22. Ne4 Bg1 23. Ke2 Nd4+ 24. Kf1 Nf3 25. Kg2 1-0

[Event "January 9 Late 2024"]
[Site "https://www.chess.com"]
[Date "2024.01.09"]
[Round "4"]
[White "Urbina Perez, Juan Antonio"]
[Black "Sarkar, Justin"]
[Result "0-1"]
[Board "159"]
[TimeControl "180+1"]
[WhiteFideId "2217368"]
[BlackFideId "2010011"]
[WhiteElo "2530"]
[BlackElo "2302"]
[WhiteTeam "ESP"]
[BlackTeam "USA"]
[WhiteClock "0:00:41"]
[BlackClock "0:00:10"]

1. d4 Nf6 2. Nf3 g6 3. c4 Bg7 4. g3 d5 5. cxd5 Nxd5 6. Bg2 Nb6 7. O-O Nc6 8. e3 e5 9. dxe5 Qxd1 10. Rxd1 Nxe5 11. Nxe5 Bxe5 12. Nc3 c6 13. f4 Bg7 14. e4 Bg4 15. Rd3 Ke7 16. h3 Be6 17. Be3 Rhd8 18. Bc5+ Ke8 19. Rad1 Bxc3 20. bxc3 Rxd3 21. Rxd3 Bxa2 22. Rd1 Nd7 23. Be3 a5 24. Rd2 Bb3 25. Rb2 a4 26. g4 a3 27. Rb1 a2 28. Ra1 Bc4 29. e5 Ra3 30. Bd4 c5 31. Bf2 b5 32. Bc6 Rxc3 33. f5 gxf5 34. gxf5 Rb3 35. Be4 Rb2 36. Bg3 b4 37. Re1 Re2 38. Ra1 Rxe4 39. Kf2 Nxe5 40. f6 b3 41. Bxe5 Rxe5 42. h4 b2 43. h5 bxa1=Q 44. h6 Qe1+ 45. Kf3 Rf5+ 46. Kg4 Qe4+ 47. Kh3 Rg5 48. Kh2 Qh4# 0-1

[Event "January 9 Late 2024"]
[Site "https://www.chess.com"]
[Date "2024.01.10"]
[Round "4"]
[White "Haack, Kevin"]
[Black "Khater, Sherif"]
[Result "0-1"]
[Board "160"]
[TimeControl "180+1"]
[WhiteFideId "16228715"]
[BlackFideId "2034280"]
[WhiteElo "2301"]
[BlackElo "2526"]
[WhiteTeam "GER"]
[BlackTeam "USA"]
[WhiteClock "0:00:30"]
[BlackClock "0:00:42"]

1. e4 a6 2. d4 c6 3. c4 d5 4. cxd5 cxd5 5. Nc3 dxe4 6. Nxe4 Nf6 7. Bd3 Nxe4 8. Bxe4 e6 9. Nf3 Bb4+ 10. Bd2 Bxd2+ 11. Qxd2 h6 12. O-O O-O 13. Ne5 Nd7 14. Qe3 Nf6 15. Bc2 Bd7 16. Rfe1 Rc8 17. Rac1 Bc6 18. Nxc6 Rxc6 19. Bb3 Rd6 20. Red1 Qb6 21. Qe5 Rfd8 22. Qc5 Rc6 23. Qxb6 Rxb6 24. Rc7 Kf8 25. f3 Nd5 26. Bxd5 Rxd5 27. b3 g5 28. Kf2 a5 29. Ke3 a4 30. Rd3 axb3 31. Rxb3 Rxb3+ 32. axb3 Rb5 33. Rc3 Ke7 34. h4 gxh4 35. Kf4 Kf6 36. Kg4 Rg5+ 37. Kh3 Rd5 38. Rc4 b5 39. Rb4 Kg5 40. Kh2 Kf4 41. Kh3 Ke3 42. Kxh4 Kd3 0-1

[Event "January 9 Late 2024"]
[Site "https://www.chess.com"]
[Date "2024.01.09"]
[Round "4"]
[White "Da Matta, Eduardo Cesar"]
[Black "Palencia Morales, Wilson Guillermo"]
[Result "1-0"]
[Board "161"]
[TimeControl "180+1"]
[WhiteFideId "2193108"]
[BlackFideId "4401859"]
[WhiteElo "2300"]
[BlackElo "2522"]
[WhiteTeam "BRA"]
[BlackTeam "COL"]
[WhiteClock "0:00:28"]
[BlackClock "0:00:00"]

1. d4 Nf6 2. c4 c5 3. d5 e6 4. Nc3 exd5 5. cxd5 d6 6. Nf3 g6 7. Bf4 a6 8. a4 Bg7 9. h3 O-O 10. e3 Qe7 11. Bd3 Nfd7 12. O-O Ne5 13. Be2 Nbd7 14. Nd2 f5 15. Bh2 Rb8 16. f4 Nf7 17. Nc4 b5 18. axb5 axb5 19. Na5 Qxe3+ 20. Kh1 b4 21. Nb5 Ba6 22. Nc4 Qe7 23. Rxa6 Rxb5 24. b3 Rbb8 25. g4 Nf6 26. gxf5 gxf5 27. Rg1 Ne4 28. Qf1 Kh8 29. Bd3 Bd4 30. Rg2 Rbd8 31. Re2 Nh6 32. Qf3 Rde8 33. Nxd6 Nxd6 34. Rxe7 Rxe7 35. Rxd6 Re1+ 36. Bf1 1-0

[Event "January 9 Late 2024"]
[Site "https://www.chess.com"]
[Date "2024.01.09"]
[Round "4"]
[White "Davidson, Kevin"]
[Black "Lopez Del Alamo, Antonio"]
[Result "1-0"]
[Board "162"]
[TimeControl "180+1"]
[WhiteFideId "2056810"]
[BlackFideId "2227339"]
[WhiteElo "2519"]
[BlackElo "2295"]
[WhiteTeam "USA"]
[BlackTeam "ESP"]
[WhiteClock "0:01:19"]
[BlackClock "0:01:09"]

1. e4 c5 2. Nf3 e6 3. d4 cxd4 4. Nxd4 Nf6 5. Nc3 Nc6 6. Ndb5 d6 7. Bf4 e5 8. Bg5 a6 9. Na3 b5 10. Nd5 Be7 11. Bxf6 Bxf6 12. c4 b4 13. Nc2 Rb8 14. Qd3 O-O 15. Be2 a5 16. O-O Bg5 17. Rad1 Be6 18. b3 Qd7 19. Qg3 Bd8 20. c5 Kh8 21. cxd6 Nd4 22. Nxd4 Bxd5 23. Nf5 g6 24. Qxe5+ f6 25. Qxd5 gxf5 26. exf5 Rg8 27. Bc4 Rg5 28. Qe6 Qg7 29. Qe8+ Qg8 30. Bxg8 Rxg8 1-0

[Event "January 9 Late 2024"]
[Site "https://www.chess.com"]
[Date "2024.01.09"]
[Round "4"]
[White "Dilmukhametov, Artur"]
[Black "Senft, Sean"]
[Result "1-0"]
[Board "163"]
[TimeControl "180+1"]
[WhiteFideId "24179922"]
[BlackFideId "2044960"]
[WhiteElo "2291"]
[BlackElo "2517"]
[WhiteTeam "RUS"]
[BlackTeam "USA"]
[WhiteClock "0:00:17"]
[BlackClock "0:00:00"]

1. e4 c5 2. Nf3 d6 3. Bb5+ Bd7 4. Bxd7+ Nxd7 5. O-O Ngf6 6. Re1 e6 7. c3 Be7 8. d4 O-O 9. h3 b5 10. a4 b4 11. Nbd2 a5 12. Nf1 Qc7 13. Bf4 Qb7 14. Ng3 Rfd8 15. Qe2 Nf8 16. e5 dxe5 17. dxe5 Nd5 18. Bd2 Rd7 19. c4 Nb6 20. b3 Rad8 21. Be3 Ng6 22. Rad1 h6 23. Qc2 Qc7 24. Rxd7 Rxd7 25. Bc1 Qd8 26. Ne4 Rd3 27. Be3 Rxe3 28. Rxe3 Qc7 29. g3 Nd7 30. Qb2 Ndxe5 31. Nxe5 Nxe5 32. Kg2 Nc6 33. f3 Nd4 34. Nf2 Nf5 35. Re4 Qxg3+ 36. Kf1 Qxf3 37. Ke1 Ne3 38. Qe5 Bg5 39. h4 Ng2+ 40. Kf1 Bxh4 41. Rxh4 Nxh4 42. Qxc5 Qxb3 43. Qxa5 Qxc4+ 44. Ke1 Nf3+ 45. Kd1 Qf1+ 46. Kc2 Qxf2+ 47. Kb3 Qe3+ 48. Kxb4 Qe1+ 49. Kb5 Qxa5+ 50. Kxa5 Ne5 51. Kb5 1-0

[Event "January 9 Late 2024"]
[Site "https://www.chess.com"]
[Date "2024.01.09"]
[Round "4"]
[White "Kaganskiy, Gleb"]
[Black "Mazi, Leon"]
[Result "0-1"]
[Board "164"]
[TimeControl "180+1"]
[WhiteFideId "4132025"]
[BlackFideId "14600315"]
[WhiteElo "2275"]
[BlackElo "2517"]
[WhiteTeam "ISR"]
[BlackTeam "SLO"]
[WhiteClock "0:00:36"]
[BlackClock "0:01:40"]

1. a3 e5 2. Nc3 d5 3. d4 e4 4. f3 f5 5. Bf4 Nf6 6. e3 c6 7. Be2 Be7 8. Nh3 O-O 9. O-O h6 10. fxe4 fxe4 11. Be5 Nbd7 12. Nf4 Nxe5 13. dxe5 Nh7 14. Bg4 Bg5 15. Bxc8 Rxc8 16. Qh5 Qe8 17. Rae1 Qxe5 18. h4 Bxf4 0-1

[Event "January 9 Late 2024"]
[Site "https://www.chess.com"]
[Date "2024.01.09"]
[Round "4"]
[White "Tissir, Mohamed"]
[Black "Boder, Jan"]
[Result "1-0"]
[Board "165"]
[TimeControl "180+1"]
[WhiteFideId "9000240"]
[BlackFideId "16243226"]
[WhiteElo "2516"]
[BlackElo "2266"]
[WhiteTeam "MAR"]
[BlackTeam "GER"]
[WhiteClock "0:00:06"]
[BlackClock "0:00:00"]

1. e4 e5 2. Nf3 Nc6 3. Bc4 Nf6 4. d3 d5 5. exd5 Nxd5 6. Nc3 Nb6 7. Bb5 Bg4 8. h3 Bh5 9. g4 Bg6 10. Nxe5 Qe7 11. Qe2 O-O-O 12. Nxc6 bxc6 13. Qxe7 Bxe7 14. Bxc6 Bf6 15. Be3 Rd6 16. Bg2 Re8 17. O-O Bxc3 18. bxc3 Nd5 19. Bd4 f6 20. Rfe1 Nf4 21. Rxe8+ Bxe8 22. Bxa7 Ra6 23. Bd4 Bf7 24. a4 Ra5 25. Bc6 Nxh3+ 26. Kf1 h5 27. gxh5 Bxh5 28. Rb1 Nf4 29. Rb4 Ne6 30. Be3 Bd1 31. Ke1 Bxc2 32. Kd2 Nd8 33. Be8 Re5 34. Bb5 c6 35. Bc4 c5 36. Ba6+ Kd7 37. Bb5+ Ke6 38. Rb2 Bxa4 39. Bxa4 Kf5 40. Bd7+ Kg6 41. Rb8 Nf7 42. Rb7 Nd6 43. Rc7 Rd5 44. Be6 Ne4+ 45. Kc2 Rd6 46. Bf7+ Kf5 47. dxe4+ Kxe4 48. Rxc5 Rd7 49. Bg6+ Kf3 50. Bh5+ Ke4 51. Bg4 Rb7 52. Rf5 Rc7 53. Rf4+ Ke5 54. Rd4 Rb7 55. Bf3 Rf7 56. Rd5+ Ke6 57. Ra5 Rf8 58. Bd4 Rb8 59. Kd3 g5 60. Bd5+ Kf5 61. Be4+ Kg4 62. f3+ Kg3 63. Ra2 f5 64. Bxf5 Kxf3 65. Be4+ Kf4 66. Rf2+ Kg3 67. Rg2+ Kf4 68. Be3+ Ke5 69. Rxg5+ Kf6 70. Rg6+ Ke5 71. Bd4+ Kf4 72. Rf6+ Kg5 73. Rf2 Rd8 74. Rg2+ Kf4 75. Rf2+ Kg3 76. Ke3 Re8 77. Rg2+ Kh4 78. Bf6+ Kh3 79. Rg6 Kh2 80. Kf3 1-0

[Event "January 9 Late 2024"]
[Site "https://www.chess.com"]
[Date "2024.01.09"]
[Round "4"]
[White "Espinoza Palomino, Willyam"]
[Black "Bazzano, Sebastian"]
[Result "1-0"]
[Board "166"]
[TimeControl "180+1"]
[WhiteFideId "3804852"]
[BlackFideId "104566"]
[WhiteElo "2515"]
[BlackElo "2267"]
[WhiteTeam "PER"]
[BlackTeam "ARG"]
[WhiteClock "0:00:10"]
[BlackClock "0:00:03"]

1. e4 e6 2. d4 d5 3. Nc3 dxe4 4. Nxe4 Bd7 5. Nf3 Bc6 6. Bd3 Bxe4 7. Bxe4 c6 8. Bg5 Nf6 9. Bd3 Nbd7 10. Qd2 Bd6 11. O-O-O Qc7 12. c4 h6 13. Be3 c5 14. Kb1 Ng4 15. Qc2 Nxe3 16. fxe3 O-O-O 17. g4 Kb8 18. Rhf1 Nf6 19. h3 Ka8 20. Qa4 Rc8 21. Rc1 Rhd8 22. Rc3 Qc6 23. Qc2 Qc7 24. Rb3 Re8 25. Rb5 e5 26. Bf5 Rcd8 27. d5 g6 28. Be4 Nxe4 29. Qxe4 Rf8 30. Nd2 Qd7 31. Qg2 f5 32. e4 fxe4 33. Nxe4 Rxf1+ 34. Qxf1 Rf8 35. Qe2 Rf4 36. Rb3 a6 37. Rf3 g5 38. Re3 Qe7 39. a3 Bb8 40. Ng3 Bd6 41. Nf5 Qf6 42. Qd3 Ka7 43. Ka2 Ka8 44. Qb3 Ka7 45. a4 b6 46. a5 Bc7 47. axb6+ Qxb6 48. d6 Bd8 49. Qxb6+ Kxb6 50. Rxe5 Rf3 51. Nxh6 Rxh3 52. Nf7 Bf6 53. Re6 Bd4 54. d7+ 1-0

[Event "January 9 Late 2024"]
[Site "https://www.chess.com"]
[Date "2024.01.09"]
[Round "4"]
[White "Kornyukov, Alexey"]
[Black "Salman, Ilhan Serhat"]
[Result "1-0"]
[Board "167"]
[TimeControl "180+1"]
[WhiteFideId "4150457"]
[BlackFideId "6361579"]
[WhiteElo "2261"]
[BlackElo "2512"]
[WhiteTeam "RUS"]
[BlackTeam "TUR"]
[WhiteClock "0:00:03"]
[BlackClock "0:00:00"]

1. d4 Nf6 2. Nc3 d5 3. Bg5 a6 4. Qd2 Bf5 5. f3 Nbd7 6. O-O-O h6 7. Bh4 e6 8. e4 dxe4 9. fxe4 Bg4 10. Nf3 g5 11. Bf2 Bb4 12. Bd3 Qe7 13. h4 O-O-O 14. hxg5 hxg5 15. Qxg5 Bxc3 16. bxc3 Qa3+ 17. Kd2 Rhg8 18. Qf4 Nh5 19. Qe3 Nb6 20. Rb1 Qa5 21. Ne5 Qxe5 22. Rxb6 Qg5 23. Rbb1 Qg7 24. Bh4 Rd7 25. e5 Bf5 26. Rhf1 Qxg2+ 27. Rf2 Qg4 28. Rh2 Bxd3 29. cxd3 Nf4 30. Bf6 Qf5 31. Rf2 Rg4 32. Rbf1 Qg6 33. Rxf4 Rg2+ 34. R4f2 Rg3 35. Qe2 c5 36. Rf3 Rg2 37. R1f2 Rg4 38. Rf4 Rg3 39. Kc2 c4 40. Qe4 cxd3+ 41. Kd2 Qxe4 42. Rxe4 Rh3 43. Re3 Rh5 44. Kxd3 b5 45. Rg3 Kb7 46. Rg8 Rh3+ 47. Kc2 Rc7 48. Kb2 Rhxc3 49. Rd2 R3c4 50. d5 exd5 51. Rxd5 Rb4+ 52. Ka3 Ra4+ 53. Kb3 Re4 54. Rd3 a5 55. Rgd8 a4+ 56. Ka3 Ka6 57. R8d6+ Kb7 58. Bd8 Rc8 59. Rd7+ Ka8 60. Bf6 b4+ 61. Kxa4 Rb8 62. Kb3 Rc8 63. R3d5 Rc3+ 64. Ka4 Ra3+ 65. Kb5 1-0

[Event "January 9 Late 2024"]
[Site "https://www.chess.com"]
[Date "2024.01.09"]
[Round "4"]
[White "Mullodzhanov, Nathaniel"]
[Black "Liu, Kelsey"]
[Result "0-1"]
[Board "168"]
[TimeControl "180+1"]
[WhiteFideId "30961580"]
[BlackFideId "30944481"]
[WhiteElo "2508"]
[BlackElo "2257"]
[WhiteTeam "USA"]
[BlackTeam "USA"]
[WhiteClock "0:00:14"]
[BlackClock "0:00:08"]

1. e4 c5 2. c3 Nf6 3. e5 Nd5 4. Nf3 Nc6 5. Bc4 Nb6 6. Bb3 d5 7. exd6 Qxd6 8. O-O Be6 9. Bxe6 Qxe6 10. a4 Qd7 11. a5 Nd5 12. a6 e6 13. Re1 Bd6 14. axb7 Qxb7 15. d4 O-O 16. Nbd2 cxd4 17. Ne4 Bf4 18. Nxd4 Bxc1 19. Qxc1 Nxd4 20. cxd4 Rfb8 21. Re2 a5 22. Nc5 Qc6 23. g3 h6 24. h4 Nb4 25. Qc4 Rd8 26. Rc1 Qf3 27. Re3 Qg4 28. Re4 Qf3 29. Rf4 Qh5 30. Re1 g5 31. Rfe4 Rd5 32. Kg2 Rad8 33. hxg5 hxg5 34. b3 Kg7 35. Qc3 Rh8 36. Qf3 Qh2+ 37. Kf1 Qh1+ 38. Qxh1 Rxh1+ 39. Kg2 Rxe1 40. Rxe1 Rxd4 41. Rxe6 Rd5 42. Re4 Rxc5 43. Re3 Kg6 44. f4 g4 45. Re2 Rc2 46. Kf2 Nd3+ 47. Ke3 Rxe2+ 48. Kxe2 Nc5 49. Kd2 Nxb3+ 50. Kc3 Nc5 51. Kc4 Ne4 52. Kb5 Nxg3 53. Kxa5 Ne2 54. Kb4 g3 55. f5+ Kxf5 56. Kc4 g2 57. Kd3 g1=Q 58. Kxe2 Ke4 59. Kd2 Qf2+ 60. Kc3 Qc5+ 61. Kb3 Kd3 62. Kb2 Qb4+ 63. Kc1 Qd2+ 64. Kb1 Kc3 65. Ka1 Qb2# 0-1